PAAA
BANGOR TRIDENT BASE OGRES @ BAKERSFIELD NOBLES
08/10/2021
 
TOP OF THE 1ST
Bangor Trident Base Ogres batting - Pitching for Bakersfield Nobles : RHP Jeff Sloan
Pitching: RHP Jeff Sloan
Batting: RHB Mike Burns 0-0: Called Strike
0-1: Called Strike
0-2: Foul Ball, location: 2F
0-2: Foul Ball, location: 2F
0-2: Ball
1-2: Ball
2-2: Fly out, F7 (Flyball, 7M)
Batting: SHB Ted Beck 0-0: Called Strike
0-1: Ground out U3 (Groundball, 3)
Batting: RHB Bertrand Sunter 0-0: SINGLE (Groundball, 34D)
Batting: LHB Bernardo Elías 0-0: Called Strike
0-1: Foul Ball, location: 2F
0-2: Strikes out swinging
Top of the 1st over - 0 run(s), 1 hit(s), 0 error(s), 1 left on base; Bangor Trident Base 0 - Bakersfield 0
BOTTOM OF THE 1ST
Bakersfield Nobles batting - Pitching for Bangor Trident Base Ogres : RHP Robert Neal
Pitching: RHP Robert Neal
Batting: RHB Arnie Latham 0-0: Foul Ball, location: 2F
0-1: Foul Ball, location: 2F
0-2: Ball
1-2: Ball
2-2: Ball
3-2: Base on Balls
Batting: SHB Stephen Yates 0-0: Foul Ball, location: 2F
0-1: Ball
1-1: Ball
2-1: Fly out, F9 (Flyball, 9LM)
Batting: LHB Luis Velázquez 0-0: Foul Ball, location: 2F
0-1: SINGLE (Groundball, 4M)
Arnie Latham to second
Batting: LHB Juan González 0-0: Called Strike
0-1: Ball
1-1: Called Strike
1-2: Strikes out swinging
Batting: RHB Floyd Mitchell 0-0: Ball
1-0: Ball
2-0: Foul Ball, location: 2F
2-1: Ball
3-1: SINGLE (Groundball, 5L)
Arnie Latham to third
Luis Velázquez to second
Runner from 3rd tries for Home, SAFE, no throw or cutoff
Batting: RHB Manuel Villarreal 0-0: Swinging Strike
0-1: Fly out, F6 (Popup, 6M)
Bottom of the 1st over - 1 run(s), 2 hit(s), 0 error(s), 2 left on base; Bangor Trident Base 0 - Bakersfield 1
TOP OF THE 2ND
Bangor Trident Base Ogres batting - Pitching for Bakersfield Nobles : RHP Jeff Sloan
Batting: RHB Joe Craig 0-0: Swinging Strike
0-1: Swinging Strike
0-2: Ball
1-2: Ball
2-2: Ball
3-2: Foul Ball, location: 2F
3-2: Strikes out swinging
Batting: SHB Miguel Soto 0-0: Bunt for hit - play at first, batter OUT! 5-3
Batting: RHB Ken Fulton 0-0: Ball
1-0: Foul Ball, location: 2F
1-1: Swinging Strike
1-2: Strikes out swinging
Top of the 2nd over - 0 run(s), 0 hit(s), 0 error(s), 0 left on base; Bangor Trident Base 0 - Bakersfield 1
BOTTOM OF THE 2ND
Bakersfield Nobles batting - Pitching for Bangor Trident Base Ogres : RHP Robert Neal
Batting: LHB Mike Russell 0-0: Foul Ball, location: 2F
0-1: Ball
1-1: Bunted foul
1-2: Ball
2-2: Ground out 6-3 (Groundball, 6M)
Batting: RHB Lloyd Alberink 0-0: SINGLE (Line Drive, 89S)
Batting: RHB Dong-po Tien 0-0: Called Strike
0-1: Reached on error, E4 (Groundball, 4M)
Lloyd Alberink to third
Batting: RHB Arnie Latham 0-0: Ball
1-0: Ball
2-0: Called Strike
2-1: DOUBLE (Flyball, 8RM)
Lloyd Alberink scores
Dong-po Tien scores
Batting: SHB Stephen Yates 0-0: Called Strike
0-1: Ball
1-1: Fly out, F6 (Popup, 6D)
Batting: LHB Luis Velázquez 0-0: Ball
1-0: Called Strike
1-1: Ball
2-1: Called Strike
2-2: Ball
3-2: Base on Balls
Batting: LHB Juan González 0-0: Foul Ball, location: 2F
0-1: Ground out 6-3 (Groundball, 6)
Bottom of the 2nd over - 2 run(s), 2 hit(s), 1 error(s), 2 left on base; Bangor Trident Base 0 - Bakersfield 3
TOP OF THE 3RD
Bangor Trident Base Ogres batting - Pitching for Bakersfield Nobles : RHP Jeff Sloan
Batting: RHB Takaaki Kobayashi 0-0: SINGLE (Groundball, 4MD)
Batting: SHB Bill Becker 0-0: Ball
1-0: Ball
2-0: Ball
3-0: Called Strike
3-1: Called Strike
3-2: Fly out, F6 (Popup, 56)
Batting: RHB Mike Burns 0-0: Called Strike
0-1: Swinging Strike
0-2: Ball
1-2: Foul Ball, location: 2F
1-2: Ball
2-2: Ball
3-2: Fly out, F9 (Flyball, 9M)
Batting: SHB Ted Beck 0-0: Ball
1-0: Foul Ball, location: 2F
1-1: Called Strike
1-2: Strikes out swinging passed ball, reaches first!
Takaaki Kobayashi to second
Batting: RHB Bertrand Sunter 0-0: Ball
1-0: Called Strike
1-1: Ground out 6-3 (Groundball, 6)
Top of the 3rd over - 0 run(s), 1 hit(s), 0 error(s), 2 left on base; Bangor Trident Base 0 - Bakersfield 3
BOTTOM OF THE 3RD
Bakersfield Nobles batting - Pitching for Bangor Trident Base Ogres : RHP Robert Neal
Batting: RHB Floyd Mitchell 0-0: SOLO HOME RUN (Flyball, 7D), Distance : 368 ft
Batting: RHB Manuel Villarreal 0-0: Ball
1-0: Ball
2-0: Foul Ball, location: 2F
2-1: Ball
3-1: Foul Ball, location: 2F
3-2: Foul Ball, location: 2F
3-2: Fly out, F8 (Flyball, 8LM)
Batting: LHB Mike Russell 0-0: Foul Ball, location: 2F
0-1: Ball
1-1: Swinging Strike
1-2: Ball
2-2: SINGLE (Line Drive, 34D)
Batting: RHB Lloyd Alberink 0-0: Ball
1-0: Fly out, F9 (Flyball, 9LM)
Batting: RHB Dong-po Tien 0-0: Called Strike
0-1: Called Strike
0-2: Ball
1-2: SINGLE (Groundball, 34)
Mike Russell to second
Runner from 2nd tries for 3rd, OUT!
Bottom of the 3rd over - 1 run(s), 3 hit(s), 0 error(s), 1 left on base; Bangor Trident Base 0 - Bakersfield 4
TOP OF THE 4TH
Bangor Trident Base Ogres batting - Pitching for Bakersfield Nobles : RHP Jeff Sloan
Batting: LHB Bernardo Elías 0-0: Called Strike
0-1: Foul Ball, location: 2F
0-2: Strikes out swinging
Batting: RHB Joe Craig 0-0: Called Strike
0-1: Ball
1-1: Swinging Strike
1-2: Foul Ball, location: 2F
1-2: Foul Ball, location: 2F
1-2: Foul Ball, location: 2F
1-2: Ball
2-2: Strikes out swinging
Batting: SHB Miguel Soto 0-0: Ball
1-0: Foul Ball, location: 2F
1-1: Swinging Strike
1-2: Foul Ball, location: 2F
1-2: Ground out 5-3 (Groundball, 56)
Top of the 4th over - 0 run(s), 0 hit(s), 0 error(s), 0 left on base; Bangor Trident Base 0 - Bakersfield 4
BOTTOM OF THE 4TH
Bakersfield Nobles batting - Pitching for Bangor Trident Base Ogres : RHP Robert Neal
Batting: RHB Arnie Latham 0-0: Ball
1-0: Called Strike
1-1: Foul Ball, location: 2F
1-2: Ground out 6-3 (Groundball, 6M)
Batting: SHB Stephen Yates 0-0: Ball
1-0: Foul Ball, location: 2F
1-1: Foul Ball, location: 2F
1-2: Foul Ball, location: 2F
1-2: Foul Ball, location: 2F
1-2: Ground out 4-3 (Groundball, 4M)
Batting: LHB Luis Velázquez 0-0: Ball
1-0: Swinging Strike
1-1: SOLO HOME RUN (Flyball, 7D), Distance : 386 ft
Batting: LHB Juan González 0-0: Ball
1-0: Called Strike
1-1: Ball
2-1: Ball
3-1: Base on Balls
Batting: RHB Floyd Mitchell 0-0: Fielders Choice at 2nd, 6-4 (Groundball, 56)
Bottom of the 4th over - 1 run(s), 1 hit(s), 0 error(s), 0 left on base; Bangor Trident Base 0 - Bakersfield 5
TOP OF THE 5TH
Bangor Trident Base Ogres batting - Pitching for Bakersfield Nobles : RHP Jeff Sloan
Batting: RHB Ken Fulton 0-0: Called Strike
0-1: Called Strike
0-2: Foul Ball, location: 2F
0-2: Strikes out looking
Batting: RHB Takaaki Kobayashi 0-0: Foul Ball, location: 2F
0-1: Swinging Strike
0-2: Ground out 1-3 (Groundball, 3S)
Batting: SHB Bill Becker 0-0: Ground out U3 (Groundball, 3S)
Top of the 5th over - 0 run(s), 0 hit(s), 0 error(s), 0 left on base; Bangor Trident Base 0 - Bakersfield 5
BOTTOM OF THE 5TH
Bakersfield Nobles batting - Pitching for Bangor Trident Base Ogres : RHP Robert Neal
Batting: RHB Manuel Villarreal 0-0: Called Strike
0-1: Ball
1-1: Ball
2-1: Foul Ball, location: 2F
2-2: Ball
3-2: Fly out, F5 (Line Drive, 56S)
Batting: LHB Mike Russell 0-0: Ball
1-0: Ball
2-0: SINGLE (Flyball, 8RS)
Batting: RHB Lloyd Alberink 0-0: Fly out, F8 (Flyball, 8RM)
Batting: RHB Dong-po Tien 0-0: Called Strike
0-1: Called Strike
0-2: Ball
1-2: Ball
2-2: Strikes out looking
Bottom of the 5th over - 0 run(s), 1 hit(s), 0 error(s), 1 left on base; Bangor Trident Base 0 - Bakersfield 5
TOP OF THE 6TH
Bangor Trident Base Ogres batting - Pitching for Bakersfield Nobles : RHP Jeff Sloan
Batting: RHB Mike Burns 0-0: Ball
1-0: Ground out 5-3 (Groundball, 5S)
Batting: SHB Ted Beck 0-0: Called Strike
0-1: Foul Ball, location: 2F
0-2: Ball
1-2: Foul Ball, location: 2F
1-2: SOLO HOME RUN (Flyball, 89XD), Distance : 391 ft
Batting: RHB Bertrand Sunter 0-0: Ball
1-0: Called Strike
1-1: Ball
2-1: Foul Ball, location: 2F
2-2: Foul Ball, location: 2F
2-2: Fly out, F8 (Flyball, 8RXD)
Batting: LHB Bernardo Elías 0-0: Called Strike
0-1: Ball
1-1: Ball
2-1: Foul Ball, location: 2F
2-2: SOLO HOME RUN (Flyball, 9LD), Distance : 334 ft
Batting: RHB Joe Craig 0-0: Called Strike
0-1: Ball
1-1: Ground out 4-3 (Groundball, 4)
Top of the 6th over - 2 run(s), 2 hit(s), 0 error(s), 0 left on base; Bangor Trident Base 2 - Bakersfield 5
BOTTOM OF THE 6TH
Bakersfield Nobles batting - Pitching for Bangor Trident Base Ogres : RHP Robert Neal
Batting: RHB Arnie Latham 0-0: Ball
1-0: Foul Ball, location: 2F
1-1: Called Strike
1-2: Ball
2-2: Foul Ball, location: 2F
2-2: Ball
3-2: Base on Balls
Batting: SHB Stephen Yates 0-0: Sac Bunt - play at first, batter OUT! 3-4
Arnie Latham to second
Batting: LHB Luis Velázquez 0-0: Ground out 6-3 (Groundball, 6M)
Arnie Latham to third
Batting: LHB Juan González 0-0: Foul Ball, location: 2F
0-1: Ball
1-1: Foul Ball, location: 2F
1-2: Ball
2-2: Ball
3-2: Ground out 4-3 (Groundball, 4)
Bottom of the 6th over - 0 run(s), 0 hit(s), 0 error(s), 1 left on base; Bangor Trident Base 2 - Bakersfield 5
TOP OF THE 7TH
Bangor Trident Base Ogres batting - Pitching for Bakersfield Nobles : RHP Jeff Sloan
Batting: SHB Miguel Soto 0-0: Foul Ball, location: 2F
0-1: Ball
1-1: Foul Ball, location: 2F
1-2: DOUBLE (Line Drive, 5L)
Batting: RHB Ken Fulton 0-0: Fly out, F7 (Flyball, 7M)
Batting: RHB Takaaki Kobayashi 0-0: Called Strike
0-1: Ball
1-1: Ball
2-1: Ball
3-1: Called Strike
3-2: Fly out, F9 (Flyball, 9LS)
Batting: SHB Bill Becker 0-0: Ground out U3 (Groundball, 3)
Top of the 7th over - 0 run(s), 1 hit(s), 0 error(s), 1 left on base; Bangor Trident Base 2 - Bakersfield 5
BOTTOM OF THE 7TH
Bakersfield Nobles batting - Pitching for Bangor Trident Base Ogres : RHP Robert Neal
Batting: RHB Floyd Mitchell 0-0: Ball
1-0: Ball
2-0: Ball
3-0: Base on Balls
Batting: RHB Manuel Villarreal 0-0: Called Strike
0-1: Foul Ball, location: 2F
0-2: Ball
1-2: Ball
2-2: Foul Ball, location: 2F
2-2: Foul Ball, location: 2F
2-2: Ball
3-2: 2-RUN HOME RUN (Flyball, 78XD), Distance : 422 ft
Pitching: RHP Dave Townend
Batting: LHB Mike Russell 0-0: Called Strike
0-1: Ball
1-1: Swinging Strike
1-2: Ball
2-2: SINGLE (Line Drive, 9LS)
Batting: RHB Lloyd Alberink 0-0: Ball
Mike Russell is caught stealing 2nd base
1-0: Ball
2-0: Swinging Strike
2-1: Called Strike
2-2: Ground out 4-3 (Groundball, 4M)
Batting: RHB Dong-po Tien 0-0: Called Strike
0-1: Reached on error, E4 (Groundball, 4)
Batting: RHB Arnie Latham 0-0: Called Strike
0-1: Foul Ball, location: 2F
0-2: Foul Ball, location: 2F
0-2: Ball
1-2: Strikes out swinging
Bottom of the 7th over - 2 run(s), 2 hit(s), 1 error(s), 1 left on base; Bangor Trident Base 2 - Bakersfield 7
TOP OF THE 8TH
Bangor Trident Base Ogres batting - Pitching for Bakersfield Nobles : RHP Jeff Sloan
Batting: RHB Mike Burns 0-0: Called Strike
0-1: Swinging Strike
0-2: Foul Ball, location: 2F
0-2: Fly out, F4 (Line Drive, 4)
Batting: SHB Ted Beck 0-0: Called Strike
0-1: Ball
1-1: Ball
2-1: SINGLE (Line Drive, 78S)
Pitching: LHP Royce Bradshaw
Batting: RHB Bertrand Sunter 0-0: Foul Ball, location: 2F
0-1: Ball
1-1: Ball
2-1: Foul Ball, location: 2F
2-2: Strikes out swinging
Batting: LHB Bernardo Elías 0-0: Ball
1-0: Called Strike
1-1: Ball
2-1: Ground out U3 (Groundball, 3L)
Top of the 8th over - 0 run(s), 1 hit(s), 0 error(s), 1 left on base; Bangor Trident Base 2 - Bakersfield 7
BOTTOM OF THE 8TH
Bakersfield Nobles batting - Pitching for Bangor Trident Base Ogres : RHP Dave Townend
Batting: SHB Stephen Yates 0-0: Ball
1-0: Ball
2-0: Called Strike
2-1: Ball
3-1: Foul Ball, location: 2F
3-2: Base on Balls
Batting: LHB Luis Velázquez 0-0: Called Strike
0-1: Fly out, F1 (Popup, 25)
Batting: LHB Juan González 0-0: Called Strike
0-1: Fielders Choice at 2nd, 6-4 (Groundball, 6M)
Batting: RHB Floyd Mitchell 0-0: Ball
1-0: Fly out, F5 (Popup, 56S)
Bottom of the 8th over - 0 run(s), 0 hit(s), 0 error(s), 1 left on base; Bangor Trident Base 2 - Bakersfield 7
TOP OF THE 9TH
Bangor Trident Base Ogres batting - Pitching for Bakersfield Nobles : LHP Royce Bradshaw
Batting: RHB Joe Craig 0-0: Swinging Strike
0-1: Ball
1-1: Foul Ball, location: 2F
1-2: Ball
2-2: Foul Ball, location: 2F
2-2: Ball
3-2: Foul Ball, location: 2F
3-2: Foul Ball, location: 2F
3-2: Strikes out swinging
Batting: SHB Miguel Soto 0-0: Ball
1-0: Swinging Strike
1-1: Foul Ball, location: 2F
1-2: Ball
2-2: Ball
3-2: Foul Ball, location: 2F
3-2: Base on Balls
Batting: RHB Ken Fulton 0-0: Called Strike
0-1: Ball
1-1: Grounds into double play, 2-4-3 (Groundball, 2R)
Top of the 9th over - 0 run(s), 0 hit(s), 0 error(s), 0 left on base; Bangor Trident Base 2 - Bakersfield 7
This league is powered by Out of the Park Baseball, the baseball management simulation game for PC, Mac and Linux
Friday, January 22nd, 2016 - OOTP Baseball 16.9 Build 39